 Dungeon Crawl Stone Soup version 0.27.0-1-g7a089689b8 (webtiles) character file.

Game seed: 18297811375197192529

154820 inmateoo the Fencer (level 17, -20/137 HPs)
             Began as a Demonspawn Berserker on Aug 5, 2021.
             Was a High Priest of Trog.
             Killed from afar by a quicksilver dragon (31 damage)
             ... with a bolt of dispelling energy
             ... on level 4 of the Snake Pit.
             The game lasted 00:29:30 (26406 turns).

inmateoo the Fencer (Demonspawn Berserker)         Turns: 26406, Time: 00:29:31

Health: -20/137    AC: 15    Str: 23    XL:     17   Next: 7%
Magic:  0/17       EV: 17    Int: 10    God:    Trog [*****.]
Gold:   423        SH: 13    Dex: 15    Spells: 16/16 levels left

rFire    + + .     SeeInvis .   I - +3 scimitar (flame)
rCold    + + .     Faith    .   L - +1 kite shield {rC+}
rNeg     + . .     Spirit   +   f - +1 troll leather armour {Purgy}
rPois    +         Reflect  .   d - +1 helmet
rElec    +         Harm     .   E - scarf {rC+ rF+}
rCorr    .         Rampage  .   u - +0 pair of gloves
Will     +....                  (boots unavailable)
Stlth    +.........             o - amulet of guardian spirit
HPRegen  1.32/turn              i - ring "Riliqeudui" {Contam rElec rPois rN+ Dex+2}
MPRegen  0.15/turn              F - ring of protection from fire

@: weakened
A: talons 3, slimy green scales 3, icemail 2, spiny 2, condensation shield
a: Renounce Religion, Berserk, Trog's Hand, Brothers in Arms


You were on level 4 of the Snake Pit.
You worshipped Trog.
Trog was extremely pleased with you.
You visited 4 branches of the dungeon, and saw 27 of its levels.
You also visited: Ice Cave and Volcano.

You collected 3867 gold pieces.
You spent 3444 gold pieces at shops.

Inventory:

Hand Weapons
 A - a +1 vorpal demon blade
 I - a +3 scimitar of flaming (weapon)
 J - a +3 vorpal scimitar
Armour
 d - a +1 helmet (worn)
 f - a +1 troll leather armour (worn) {Purgy}
 u - a +0 pair of gloves (worn)
 E - a scarf of resistance (worn)
 L - a +1 kite shield of cold resistance (worn)
Jewellery
 i - the ring "Riliqeudui" (left hand) {Contam rElec rPois rN+ Dex+2}
   (You bought it in a shop on level 2 of the Orcish Mines)

   [ring of poison resistance]

   Dex:       It affects your dexterity (+2).
   rElec:     It insulates you from electricity.
   rPois:     It protects you from poison.
   rN:        It protects you from negative energy.
   Contam:    It causes magical contamination when unequipped.
 n - a ring of resist corrosion
 o - an amulet of guardian spirit (around neck)
 F - a ring of protection from fire (right hand)
Wands
 p - a wand of polymorph (37)
 B - a wand of flame (85)
 D - a wand of mindburst (11)
 G - a wand of iceblast (31)
 H - a wand of acid (16)
Scrolls
 a - 6 scrolls of magic mapping
 b - 15 scrolls of identify
 c - a scroll of blinking
 e - 3 scrolls of fog
 h - 6 scrolls of enchant weapon
 q - 4 scrolls of immolation
 r - 2 scrolls of brand weapon
 v - 13 scrolls of enchant armour
 x - 15 scrolls of teleportation
 C - 7 scrolls of fear
Potions
 g - 5 potions of ambrosia
 j - 5 potions of mutation
 k - 8 potions of heal wounds
 l - 20 potions of curing
 m - 3 potions of flight
 s - 7 potions of haste
 t - 2 potions of magic
 w - 3 potions of might
 K - 3 potions of cancellation


   Skills:
 + Level 13.5 Fighting
 * Level 17.0 Long Blades
 + Level 12.4 Armour
 + Level 12.5 Dodging
 + Level 8.9 Shields


You had 16 spell levels left.
You didn't know any spells.
Your spell library was empty.

Dungeon Overview and Level Annotations

Branches:
Dungeon (15/15) Temple (0/1) D:6 Lair (6/6) D:11 Swamp (0/4) Lair:4 Snake (4/4) Lair:2 Slime (0/5) Lair:6 Orc (2/2) D:10 Elf (0/3) Orc:2 Vaults (0/5) D:13 D:14 Depths (0/5) D:15 IceCv (visited) Volcano (visited)

Altars:
Ashenzari
Dithmenos
Fedhas
Gozag
Kikubaaqudgha
Nemelex Xobeh
Qazlal
Ru
Sif Muna
Wu Jian
Xom
Yredelemnul
Jiyva

Shops:
D:1 :   D:5 *   D:7 (   D:8 [   D:11 *   D:12 :   D:13 ![(   D:15 (   Orc:1 ?
Orc:2 *?*?   Snake:2 *

Annotations:
D:9 1 runed translucent door, exclusion: 2 oklob plants


Innate Abilities, Weirdness & Mutations

You have claws for feet.
You are completely covered in slimy green scales. (AC +4, rPois)
A meltable icy envelope protects you from harm. (AC +0)
You are mostly covered in sharp spines.
A meltable shield of frost defends you. (SH +0)


Message History

Your iron troll bites the quicksilver dragon!!!
Your iron troll misses the quicksilver dragon.
Your iron troll claws the quicksilver dragon!!
The quicksilver dragon bites your iron troll.
The quicksilver dragon claws your iron troll but does no damage.
You completely miss the quicksilver dragon.
Your kick misses the quicksilver dragon.
The quicksilver dragon is severely wounded.
You feel sick.
You block the quicksilver dragon's attack.
The quicksilver dragon barely misses you.
Your iron troll bites the quicksilver dragon.
Your iron troll closely misses the quicksilver dragon.
Your iron troll misses the quicksilver dragon.
Unknown command.
You barely miss the quicksilver dragon.
The quicksilver dragon is severely wounded.
You feel sick.
You are no longer poisoned.
The quicksilver dragon bites your iron troll.
The quicksilver dragon claws your iron troll but does no damage.
You block the quicksilver dragon's attack.
The quicksilver dragon claws you!
* * * LOW HITPOINT WARNING * * *
Your iron troll barely misses the quicksilver dragon.
Your iron troll claws the quicksilver dragon!
Your iron troll completely misses the quicksilver dragon.
Unknown command.
You barely miss the quicksilver dragon.
Your kick misses the quicksilver dragon.
The quicksilver dragon is almost dead.
You are no longer firmly anchored in space.
The quicksilver dragon breathes dispelling energy at you.
The bolt of dispelling energy hits your iron troll!!!
The bolt of dispelling energy hits you!!
Your magical effects are unravelling.
* * * LOW HITPOINT WARNING * * *
The quicksilver dragon breathes dispelling energy at you.
The bolt of dispelling energy hits you!!
You die...

#. .# ##. .##
#..#####..#
#...#.#...#
#....N..#
##8...8##
#+D††....+
##TD##)##..#
#.@##.N.# ..#
+..#..8..# +
#..#.....#
##..##...## ...
..##+##...###'##
...##
.........## )[.
...## ...#...##
.8. #...##.
###.## #....#
#...# ..


You could see 2 quicksilver dragons, a naga sharpshooter and a friendly iron
troll (summoned, berserk).

Vanquished Creatures
  The ghost of Rapnairph the Slayer, an adept MiBe of Trog (Snake:2)
  2 nagarajas
  A dire elephant (Lair:5)
  A salamander tyrant (Snake:4)
  11 hydras
  4 boulder beetles
  2 ironbound frosthearts (IceCv)
  7 naga warriors
  A death knight (D:15)
  4 catoblepae (Lair:6)
  5 two-headed ogres
  4 anacondas
  5 centaur warriors
  Erica (D:10)
  3 tengu warriors
  2 shock serpents (Snake:2)
  7 naga sharpshooters
  12 death yaks
  The ghost of sanka the Nimble, a novice DjWn (D:6)
  A deep troll (D:15)
  A wizard (D:15)
  3 naga ritualists
  A necromancer (D:15)
  A deep elf pyromancer (D:15)
  A deep elf zephyrmancer (D:13)
  5 mana vipers
  A lindwurm (Lair:6)
  4 orc knights
  3 orc sorcerers (Orc:2)
  A will-o-the-wisp (Lair:4)
  11 ugly things
  8 cyclopes
  A spectral shock serpent (Snake:2)
  23 elephants
  8 salamanders
  4 manticores
  8 naga magi
  36 black mambas
  8 cane toads
  An ice statue (IceCv)
  4 guardian serpents
  A gargoyle (D:12)
  A torpor snail (Lair:2)
  3 rime drakes
  A yaktaur (D:15)
  An efreet (D:15)
  12 komodo dragons
  A tengu conjurer (D:14)
  An anaconda simulacrum (Snake:2)
  3 trolls
  4 meliai
  3 red devils (Volcano)
  17 polar bears
  Grinder (D:4)
  5 blink frogs (Lair:2)
  8 dream sheep
  18 slime creatures
  A spectral black mamba (Snake:2)
  A centaur simulacrum (D:15)
  A shock serpent simulacrum (Snake:2)
  A vampire (D:12)
  A spriggan (Lair:5)
  A tarantella (shapeshifter) (D:15)
  5 wyverns
  A wraith (D:13)
  72 yaks
  2 basilisks
  16 humans (D:13)
  A steam dragon (D:8)
  A salamander simulacrum (Snake:2)
  9 vampire mosquitoes
  Menkaure (D:5)
  5 wargs
  21 nagas
  An acid dragon (D:10)
  15 water moccasins
  2 spectral nagas (Snake:2)
  A hell hound (Volcano)
  3 ice beasts
  3 black bears
  Purgy (D:4)
  3 ogres
  20 orc warriors
  A black mamba simulacrum (Snake:2)
  24 wolves
  15 centaurs
  2 kobold brigands
  16 bullfrogs
  6 scorpions
  A gnoll sergeant (D:11)
  A water moccasin zombie (D:5)
  18 killer bees
  5 howler monkeys
  4 electric eels
  A bullfrog zombie (D:6)
  4 centaur zombies
  3 hounds
  A jelly (Lair:6)
  11 orc priests
  2 centaur skeletons
  A gnoll shaman (D:8)
  8 iguanas
  15 orc wizards
  3 naga simulacra (Snake:2)
  A killer bee zombie (D:4)
  A hound skeleton (D:5)
  2 howler monkey zombies
  6 gnolls
  6 adders
  An ufetubus (D:4)
  An adder zombie (D:3)
  3 worms
  2 dart slugs
  49 orcs
  9 endoplasms
  7 giant cockroaches
  8 goblins
  13 hobgoblins
  7 jackals (D:2)
  5 quokkas
  5 ball pythons
  5 bats
  3 frilled lizards
  11 kobolds
  4 rats
  A butterfly (D:9)
769 creatures vanquished.

Vanquished Creatures (collateral kills)
  Rupert (Lair:4)
  A nagaraja (Snake:4)
  An ettin (D:15)
  2 salamander tyrants (Snake:4)
  A naga warrior (Snake:1)
  3 orc high priests (Orc:2)
  3 orc knights (Orc:2)
  2 orc sorcerers (Orc:2)
  An ugly thing (D:15)
  2 slime creatures (D:15)
  A salamander (Snake:1)
  Maurice (Orc:2)
  A guardian serpent (Snake:2)
  A black mamba (Snake:4)
  A cane toad (Lair:6)
  A komodo dragon (Lair:6)
  A meliai (D:13)
  3 yaks (Lair:6)
  A wyvern (Lair:6)
  3 nagas
  2 orc warriors (Orc:2)
  An orc priest (Orc:2)
  An orc wizard (Orc:2)
35 creatures vanquished.

Vanquished Creatures (others)
  A black mamba (Lair:6)
  An orc wizard (Orc:2)
  4 foxfires (Lair:4)
  108 fungi
  81 plants
195 creatures vanquished.

Grand Total: 999 creatures vanquished

Notes
Turn   | Place    | Note
-------+----------+-------------------------------------------
     0 | D:1      | inmateoo the Demonspawn Berserker began the quest for the
                  | Orb.
     0 | D:1      | Reached XP level 1. HP: 18/18 MP: 1/1
   167 | D:1      | Found a faded altar of an unknown god.
   532 | D:1      | Gained mutation: A meltable shield of frost defends you.
                  | (SH +0) [demonic ancestry]
   532 | D:1      | Reached XP level 2. HP: 19/24 MP: 2/2
   680 | D:1      | Reached skill level 3 in Long Blades
  1257 | D:1      | Found Inkibr Fuel's Book Emporium.
  1535 | D:2      | Reached XP level 3. HP: 29/29 MP: 3/3
  1541 | D:2      | Reached ** piety under Trog
  2887 | D:3      | Reached XP level 4. HP: 35/35 MP: 4/4
  3576 | D:3      | Found a sparkling altar of Nemelex Xobeh.
  3587 | D:3      | Found a broken altar of Ashenzari.
  3771 | D:4      | Gained mutation: You are partially covered in sharp spines.
                  | [demonic ancestry]
  3771 | D:4      | Reached XP level 5. HP: 41/42 MP: 5/5
  3808 | D:4      | Reached skill level 4 in Long Blades
  3862 | D:4      | Noticed Purgy
  3876 | D:4      | Killed Purgy
  4330 | D:4      | Gained mutation: You have sharp toenails. [demonic
                  | ancestry]
  4330 | D:4      | Reached XP level 6. HP: 46/48 MP: 6/6
  4493 | D:4      | Noticed Grinder
  4510 | D:4      | Paralysed by Grinder for 6 turns
  4521 | D:4      | Paralysed by Grinder for 7 turns
  4526 | D:4      | Killed Grinder
  4527 | D:4      | Reached skill level 5 in Long Blades
  4527 | D:4      | Gained mutation: You are mostly covered in sharp spines.
                  | [demonic ancestry]
  4527 | D:4      | Reached XP level 7. HP: 15/55 MP: 7/7
  4769 | D:4      | Found a blossoming altar of Fedhas.
  4772 | D:4      | Found a shimmering blue altar of Sif Muna.
  4775 | D:4      | Found an ornate altar of the Wu Jian Council.
  4776 | D:4      | Found a sacrificial altar of Ru.
  4776 | D:4      | Found an opulent altar of Gozag.
  4778 | D:4      | Found a shadowy altar of Dithmenos.
  4779 | D:4      | Found an ancient bone altar of Kikubaaqudgha.
  4780 | D:4      | Found a basalt altar of Yredelemnul.
  4837 | D:5      | Entered Level 5 of the Dungeon
  4838 | D:5      | Found Loadde's Assorted Antiques.
  4867 | D:5      | Bought a smoky grey potion for 24 gold pieces
  4867 | D:5      | Bought a scroll labelled FILLEV BOTUIFA for 27 gold pieces
  4918 | D:5      | Noticed Menkaure
  4924 | D:5      | Killed Menkaure
  4977 | D:5      | Found a stormy altar of Qazlal.
  4978 | D:5      | Noticed a water elemental
  4981 | D:5      | Noticed an air elemental
  4981 | D:5      | Noticed a fire elemental
  5125 | D:5      | Reached skill level 5 in Fighting
  5125 | D:5      | You fall into a shaft and drop 3 floors!
  5132 | D:7      | Found Okkom's Antique Weapon Emporium.
  5144 | D:7      | Reached *** piety under Trog
  5145 | D:7      | Reached skill level 6 in Long Blades
  5170 | D:7      | Gained mutation: You have razor-sharp toenails. [demonic
                  | ancestry]
  5170 | D:7      | Reached XP level 8. HP: 51/62 MP: 5/8
  5308 | D:6      | Found a staircase to the Ecumenical Temple.
  5474 | D:6      | Found a runed translucent door.
  5474 | D:6      | Noticed sanka's ghost (novice DjWn)
  5991 | D:6      | Reached skill level 7 in Long Blades
  6003 | D:6      | Found Ucoser's Magic Scroll Shoppe.
  6010 | D:6      | Bought a scroll of identify for 28 gold pieces
  6010 | D:6      | Bought a scroll of identify for 28 gold pieces
  6010 | D:6      | Bought a scroll of blinking for 105 gold pieces
  6010 | D:6      | Bought a scroll of immolation for 49 gold pieces
  6157 | D:6      | Killed sanka's ghost
  6158 | D:6      | Reached skill level 5 in Armour
  6158 | D:6      | Reached skill level 5 in Dodging
  6158 | D:6      | Gained mutation: You have claws for feet. [demonic
                  | ancestry]
  6158 | D:6      | Reached XP level 9. HP: 69/69 MP: 7/9
  6627 | D:7      | Reached skill level 8 in Long Blades
  6824 | D:8      | Found Daonoim's Armour Shoppe.
  6944 | D:8      | Reached **** piety under Trog
  7520 | D:9      | Noticed an oklob plant
  7525 | D:9      | Noticed an oklob plant
  7553 | D:9      | Found a runed translucent door.
  7576 | D:9      | Found a runed translucent door.
  7645 | D:9      | Reached XP level 10. HP: 49/79 MP: 5/10
  7649 | D:9      | Reached skill level 9 in Long Blades
  7889 | D:10     | Entered Level 10 of the Dungeon
  7894 | D:10     | Noticed a two-headed ogre
  7904 | D:10     | Killed a two-headed ogre
  7970 | D:10     | Found a staircase to the Orcish Mines.
  7980 | D:10     | Noticed Erica
  7999 | D:10     | Killed Erica
  8000 | D:10     | Reached skill level 10 in Long Blades
  8193 | D:10     | Identified the +9 hunting sling of Ahot Liurchu {freeze,
                  | +Blink rC+}
  8261 | D:10     | Found a shimmering altar of Xom.
  8430 | D:11     | Noticed a boulder beetle
  8598 | D:11     | Found Xuolalecu's Assorted Antiques.
  8606 | D:11     | Bought a potion of heal wounds for 155 gold pieces
  8606 | D:11     | Bought a scroll labelled QOIBRU XUT NOPATA for 31 gold
                  | pieces
  8714 | D:11     | Killed a boulder beetle
  8914 | D:11     | Found a staircase to the Lair.
  8938 | D:11     | Gained mutation: You are partially covered in slimy green
                  | scales. (AC +2) [demonic ancestry]
  8938 | D:11     | Reached XP level 11. HP: 51/86 MP: 8/11
  8969 | D:11     | Reached ***** piety under Trog
  9310 | D:12     | Noticed a green ugly thing
  9317 | D:12     | Killed a green ugly thing
  9461 | D:12     | Noticed a five-headed hydra
  9471 | D:12     | Killed a two-headed hydra
  9492 | D:12     | Noticed a two-headed ogre
  9498 | D:12     | Killed a two-headed ogre
  9499 | D:12     | Reached skill level 11 in Long Blades
  9695 | D:12     | Noticed a two-headed ogre
  9702 | D:12     | Killed a two-headed ogre
  9953 | D:12     | Found Rijos's Book Boutique.
 10292 | D:13     | Noticed a centaur warrior
 10293 | D:13     | Noticed a centaur warrior
 10312 | D:13     | Killed a centaur warrior
 10321 | D:13     | Killed a centaur warrior
 10322 | D:13     | Gained mutation: You are mostly covered in slimy green
                  | scales. (AC +3) [demonic ancestry]
 10322 | D:13     | Reached XP level 12. HP: 80/96 MP: 5/12
 10340 | D:13     | Noticed a centaur warrior
 10349 | D:13     | Killed a centaur warrior
 10450 | D:12     | Reached skill level 12 in Long Blades
 10583 | D:13     | Found Kiucah's Armour Shoppe.
 10593 | D:13     | Bought a +2 cloak for 264 gold pieces
 10615 | D:13     | Found Livves's Distillery.
 10730 | D:13     | Identified a scroll of acquirement
 10730 | D:13     | Acquired 1086 gold pieces
 10744 | D:13     | Received a gift from Trog
 10750 | D:13     | Identified the +1 pair of boots "Tukh" {Str+4 Int+5}
 10934 | D:13     | Found Yshriywu's Antique Weapon Boutique.
 10935 | D:13     | Noticed a six-headed hydra
 10944 | D:13     | Killed a two-headed hydra
 10998 | D:14     | Found a gate to the Vaults.
 10998 | D:14     | Noticed a centaur warrior
 10998 | D:14     | Noticed a two-headed ogre
 11015 | D:13     | Reached skill level 10 in Fighting
 11053 | D:13     | Killed a two-headed ogre
 11223 | D:13     | HP: 5/145 [orc knight (12)]
 11423 | D:14     | Killed a centaur warrior
 11592 | D:14     | Noticed a tengu warrior
 11612 | D:14     | Killed a tengu warrior
 11733 | D:14     | Noticed a two-headed ogre
 11740 | D:14     | Killed a two-headed ogre
 11741 | D:14     | Reached XP level 13. HP: 101/104 MP: 11/13
 11797 | D:14     | Reached skill level 13 in Long Blades
 11797 | D:14     | Reached skill level 1 in Shields
 12304 | D:15     | Entered Level 15 of the Dungeon
 12880 | D:15     | Found a staircase to the Depths.
 12906 | D:15     | Noticed an ettin
 12938 | D:15     | Killed an ettin
 13040 | D:15     | Received a gift from Trog
 13210 | D:15     | Identified the +0 ring mail of Defence {Slay+5}
 13537 | D:15     | Found Zooczaen's Weapon Emporium.
 13618 | D:15     | Reached skill level 10 in Dodging
 13840 | D:15     | Reached skill level 10 in Armour
 14241 | Lair:1   | Entered Level 1 of the Lair of Beasts
 14254 | Lair:1   | Found an opulent altar of Gozag.
 14473 | Lair:1   | Gained mutation: You are completely covered in slimy green
                  | scales. (AC +4, rPois) [demonic ancestry]
 14473 | Lair:1   | Reached XP level 14. HP: 113/113 MP: 14/14
 14490 | Lair:1   | Reached skill level 14 in Long Blades
 15028 | Lair:2   | Found a staircase to the Snake Pit.
 15570 | Lair:2   | Received a gift from Trog
 15998 | Lair:3   | Reached skill level 5 in Shields
 16288 | Lair:3   | Identified the +3 hunting sling of Doors {freeze, Str+2}
 16745 | Lair:4   | Found a staircase to the Swamp.
 17155 | D:6      | Bought a scroll of fog for 28 gold pieces
 17155 | D:6      | Bought 3 scrolls of enchant armour for 315 gold pieces
 17155 | D:6      | Bought a scroll of fear for 49 gold pieces
 17155 | D:6      | Bought a scroll of fear for 49 gold pieces
 17155 | D:6      | Bought a scroll of teleportation for 42 gold pieces
 17155 | D:6      | Bought 2 scrolls of magic mapping for 98 gold pieces
 17309 | D:13     | Bought a potion of curing for 48 gold pieces
 17309 | D:13     | Bought a potion of heal wounds for 80 gold pieces
 17309 | D:13     | Bought a potion of curing for 48 gold pieces
 17309 | D:13     | Bought a potion of might for 64 gold pieces
 17309 | D:13     | Bought a potion of curing for 48 gold pieces
 17309 | D:13     | Bought a potion of mutation for 128 gold pieces
 17406 | D:11     | Bought a scroll of fear for 108 gold pieces
 17406 | D:11     | Bought a scroll of identify for 62 gold pieces
 17406 | D:11     | Bought a scroll of identify for 62 gold pieces
 17536 | Lair:5   | Noticed Rupert
 17640 | Lair:3   | Acquired a scarf of resistance
 17667 | Lair:4   | Paralysed by Rupert for 2 turns
 17671 | Lair:4   | Killed Rupert
 18378 | Lair:6   | Entered Level 6 of the Lair of Beasts
 18402 | Lair:6   | Reached skill level 15 in Long Blades
 18418 | Lair:6   | Gained mutation: A meltable icy envelope protects you from
                  | harm. (AC +0) [demonic ancestry]
 18418 | Lair:6   | Reached XP level 15. HP: 107/120 MP: 11/15
 18447 | Lair:6   | Found a runed translucent door.
 18448 | Lair:6   | Found a viscous altar of Jiyva.
 18450 | Lair:6   | Found a staircase to the Slime Pits.
 18915 | Lair:6   | Received a gift from Trog
 19865 | Orc:1    | Entered Level 1 of the Orcish Mines
 19925 | Orc:1    | Found a frozen archway.
 20226 | IceCv    | Entered an ice cave
 20346 | IceCv    | Received a gift from Trog
 21349 | Orc:1    | Found Taemila's Magic Scroll Boutique.
 21359 | Orc:1    | Bought a scroll of identify for 24 gold pieces
 21359 | Orc:1    | Bought a scroll of identify for 24 gold pieces
 21359 | Orc:1    | Bought a scroll of teleportation for 36 gold pieces
 21359 | Orc:1    | Bought a scroll of teleportation for 36 gold pieces
 21838 | Orc:2    | Entered Level 2 of the Orcish Mines
 21866 | Orc:2    | Found a staircase to the Elven Halls.
 21869 | Orc:2    | Noticed Nessos
 21883 | Orc:2    | Noticed Nessos
 21883 | Orc:2    | Nessos changed into Nessos the dream sheep
 21887 | Orc:2    | Killed Nessos the dream sheep
 21981 | Orc:2    | Noticed Maurice
 22031 | Orc:2    | Killed Maurice
 22072 | Orc:2    | Found a dark tunnel.
 22077 | Volcano  | Entered a volcano
 22117 | Volcano  | Received a gift from Trog
 22263 | Orc:2    | Found Jiatun's Magic Scroll Shop.
 22297 | Orc:2    | Reached XP level 16. HP: 122/129 MP: 11/16
 22304 | Orc:2    | Reached skill level 16 in Long Blades
 22313 | Orc:2    | HP: 6/128 [orc knight/bolt (23)]
 22620 | Orc:2    | Found Keforgh's General Store.
 22624 | Orc:2    | Bought a scroll of magic mapping for 56 gold pieces
 22627 | Orc:2    | Bought a potion of heal wounds for 70 gold pieces
 22627 | Orc:2    | Bought a potion of curing for 42 gold pieces
 22627 | Orc:2    | Found Peoplut's Magic Scroll Shoppe.
 22629 | Orc:2    | Found Cebbax's Assorted Antiques.
 22635 | Orc:2    | Bought a scroll of enchant weapon for 90 gold pieces
 22635 | Orc:2    | Bought a scroll of enchant weapon for 90 gold pieces
 22635 | Orc:2    | Bought a scroll of blinking for 90 gold pieces
 22635 | Orc:2    | Bought a scroll of teleportation for 36 gold pieces
 22635 | Orc:2    | Bought a scroll of teleportation for 36 gold pieces
 22635 | Orc:2    | Bought a scroll of magic mapping for 42 gold pieces
 22635 | Orc:2    | Bought a scroll of magic mapping for 42 gold pieces
 22635 | Orc:2    | Bought a scroll of magic mapping for 42 gold pieces
 22635 | Orc:2    | Bought a scroll of teleportation for 36 gold pieces
 22638 | Orc:2    | Bought a scorched jade ring for 115 gold pieces
 22638 | Orc:2    | Identified the ring "Riliqeudui" {Contam rElec rPois rN+
                  | Dex+2} (You bought it in a shop on level 2 of the Orcish
                  | Mines)
 22638 | Orc:2    | Bought a potion of curing for 69 gold pieces
 22638 | Orc:2    | Bought a potion of curing for 69 gold pieces
 22867 | Snake:1  | Entered Level 1 of the Snake Pit
 24236 | Snake:2  | Found Vilun's General Store.
 24265 | Snake:2  | Reached ****** piety under Trog
 24281 | Snake:2  | Bought a scroll of enchant armour for 135 gold pieces
 24281 | Snake:2  | Bought a scroll of enchant armour for 135 gold pieces
 24281 | Snake:2  | Bought a scroll of enchant armour for 135 gold pieces
 24281 | Snake:2  | Bought a scroll of teleportation for 54 gold pieces
 24529 | Snake:2  | Received a gift from Trog
 24616 | Snake:2  | Found a runed translucent gate.
 24616 | Snake:2  | Found a runed translucent gate.
 24616 | Snake:2  | Found a runed translucent gate.
 24617 | Snake:2  | Noticed Rapnairph's ghost (adept MiBe)
 24848 | Snake:2  | Killed Rapnairph's ghost
 25888 | Snake:4  | Entered Level 4 of the Snake Pit
 26214 | Snake:4  | Gained mutation: A meltable icy envelope protects you from
                  | harm. (AC +0) [demonic ancestry]
 26214 | Snake:4  | Reached XP level 17. HP: 88/137 MP: 6/17
 26396 | Snake:4  | Noticed a quicksilver dragon
 26397 | Snake:4  | Reached skill level 17 in Long Blades
 26399 | Snake:4  | Noticed a quicksilver dragon
 26406 | Snake:4  | Killed from afar by a quicksilver dragon

Illustrated notes

Levels and vault maps discovered:
D:1:      psy_arrival_radial02, layout_basic, serial_shops, shop,
          chequers_ecumenical_altar_simple
D:2:      layout_basic, wad_floor_pattern_untrapped, minivault_11
D:3:      layout_rooms, lemuel_round_altar, nemelex_diamond_rough_becter,
          minmay_misc_feat_iff, palyth_stone_intersect, bh_walls_and_bars
D:4:      layout_basic, minitemple, uniq_purgy, uniq_grinder
D:5:      layout_rooms, nicolae_qazlal_style_of_elements, serial_shops,
          nicolae_shop_statue_plus, mrwooster_statue_mirror, kennysheep_potato,
          uniq_menkaure
D:6:      layout_loops_cross, temple_pool_b, hellmonk_ghost_happy_afterlife,
          serial_shops, kennysheep_mini, roderic_serpentine_path
D:7:      layout_basic, serial_shops, shop
D:8:      layout_loops_ring, serial_shops, nicolae_shop_waterfront
D:9:      lemuel_insect_pit, layout_basic, disabler_island
D:10:     layout_rooms, kennysheep_mini_moat, orc_david_3, serial_bayou_lake_a,
          uniq_erica
D:11:     layout_gridville, due_lair_maze_entry_diamond, serial_shops,
          nicolae_shop_competitors_out_of_business
D:12:     layout_long_grid, serial_shops, nicolae_shop_waterfront,
          chequers_garden
D:13:     layout_roguey, serial_shops, shop, nicolae_shop_waterfront,
          nicolae_shop_statue_plus, eino_jars
D:14:     layout_irregular_city, david_vaults_3, minmay_misc_feat_x
D:15:     hangedman_depths_entry_civil_slaughter, layout_loops_corners,
          serial_co_window_serial, co_window_of_opportunity_a,
          co_window_paths_a, co_window_corner_a, co_window_paths_b,
          co_window_paths_a, co_window_paths_c, co_window_of_opportunity_c,
          co_window_of_opportunity_b, co_window_corner_b,
          co_window_unsneaky_path_e, co_window_paths_d, co_window_4corner_a,
          glass_columns_a, glass_columns_c, glass_columns_c, glass_columns_b,
          glass_columns_a, serial_shops, nicolae_shop_waterfront,
          minmay_strange_pillars
Lair:1:   layout_gridlike, basic_altar
Lair:2:   beast_lair_carwin_large_3, layout_chaotic_city
Lair:3:   layout_roguey, grunt_megastairs_4, infiniplex_staircase_pool_2
Lair:4:   layout_misc_corridors, minmay_swamp_entry_wisps, grunt_megastairs_1
Lair:5:   mu_elephants_graveyard, layout_hall_layers, serial_bayou_shore_a,
          uniq_rupert
Lair:6:   evilmike_catoblepas_cave, layout_cellular_growth, slime_altar_2,
          lemuel_fruit_tree
Snake:1:  layout_gridlike
Snake:2:  layout_misc_corridors, gammafunk_ghost_necromancy,
          nicolae_stop_n_shop_2, nrook_guardian_serpent_ordinary
Snake:3:  layout_basic
Snake:4:  hellmonk_snake_rune_quicksilver_temple, layout_grid_shapes,
          nicolae_snake_slithery_corners, nicolae_snake_snakewalk
Orc:1:    nicolae_orc_accident_3, layout_caves, portal_ice_cave_entry_pillars_1,
          serial_shops, nicolae_shop_waterfront, minmay_orc_keep
Orc:2:    st_orc_elflike, layout_diamond_mine, enter_volcano_4, uniq_nessos,
          uniq_maurice

Skill      XL: |  1  2  3  4  5  6  7  8  9 10 11 12 13 14 15 16 17 |
---------------+----------------------------------------------------+-----
Armour         | 2 3 4 5 6 7 8 9 10 11 12 | 12.4
Dodging        | 2 3 4 5 6 7 8 9 10 11 12 | 12.5
Long Blades    | 3 4 5 6 7 8 10 11 12 13 15 16 17 | 17.0
Fighting       | 4 5 6 7 8 9 10 11 12 13 | 13.5
Shields        | 4 5 7 8 |  8.9

Action                   |  1- 3 |  4- 6 |  7- 9 | 10-12 | 13-15 | 16-18 || total
-------------------------+-------+-------+-------+-------+-------+-------++-------
Melee: Falchion          |   177 |    98 |   218 |    56 |       |       ||   549
       Kick              |       |     5 |    80 |   160 |   580 |   265 ||  1090
       Scimitar          |       |       |       |   327 |  1290 |   550 ||  2167
       Unarmed           |       |       |       |       |    10 |       ||    10
Invok: Berserk           |     2 |     1 |     2 |     1 |       |       ||     6
       Brothers in Arms  |       |       |       |     1 |     7 |     5 ||    13
       Trog's Hand       |       |       |       |       |     2 |     1 ||     3
Evoke: Wand              |       |       |       |    13 |     1 |     3 ||    17
  Use: Scroll            |       |     7 |    17 |     4 |     7 |     3 ||    38
       Potion            |       |       |       |     4 |       |     5 ||     9
 Stab: Sleeping          |       |       |       |       |     1 |       ||     1
       Petrified         |       |       |       |       |     4 |       ||     4
Armor: Animal skin       |     5 |       |       |       |       |       ||     5
       Leather armour    |    24 |     6 |       |       |       |       ||    30
       Ring mail         |       |     4 |       |       |       |       ||     4
       Troll leather arm |       |     7 |    70 |   220 |   409 |   104 ||   810
       Skin              |       |       |       |     6 |       |       ||     6
Dodge: Dodged            |   127 |    58 |   113 |   327 |   593 |   218 ||  1436
Block: Other             |    28 |    18 |    43 |   112 |     3 |       ||   204
       Buckler           |       |       |       |     5 |   387 |       ||   392
       Kite shield       |       |       |       |       |    98 |   420 ||   518
       Rpst.: Falchion   |    44 |    11 |    28 |     7 |       |       ||    90
       Scimitar          |       |       |       |    70 |   154 |    51 ||   275
